 Dungeon Crawl Stone Soup version 0.26-a0-540-g8a0c9464d7 (webtiles) character file.

Game seed: 3906959779476263261

(classic levelgen) 7 EnegeticOcto the Shield-Bearer (level 1, -2/20 HPs)
             Began as a Deep Dwarf Fighter on Aug 17, 2020.
             Slain by Sigmund
             ... wielding a +0 scythe
              (8 damage)
             ... on level 2 of the Dungeon.
             The game lasted 00:00:42 (193 turns).

EnegeticOcto the Shield-Bearer (Deep Dwarf Fighter)  Turns: 193, Time: 00:00:43

Health: -2/20      AC:  6    Str: 19    XL:     1   Next: 91%
Magic:  1/1        EV:  7    Int:  8    God:
Gold:   0          SH:  9    Dex: 12    Spells: 0/0 levels left

rFire    . . .     SeeInvis .   a - +0 war axe
rCold    . . .     Faith    .   c - +0 kite shield
rNeg     . . .     Spirit   .   b - +0 scale mail
rPois    .         Reflect  .   (no helmet)
rElec    .         Harm     .   (no cloak)
rCorr    .                      (no gloves)
MR       .....                  (no boots)
Stlth    ..........             (no amulet)
HPRegen  0.00/turn              (no ring)
MPRegen  0.07/turn              (no ring)

@: non-regenerating
A: damage resistance, heal wounds, sense surroundings 1, no regeneration
a: Heal Wounds


You were on level 2 of the Dungeon.
You visited 1 branch of the dungeon, and saw 2 of its levels.

Inventory:

Hand Weapons
 a - a +0 war axe (weapon)
Armour
 b - a +0 scale mail (worn)
 c - a +0 kite shield (worn)
 h - a +0 pair of gloves
Scrolls
 f - a scroll of enchant armour {unknown}
 i - a scroll of identify {unknown}
Potions
 d - a potion of might {@q3}
 e - a potion of brilliance {unknown}
 g - 2 potions of degeneration {unknown}


   Skills:
 - Level 2.6 Fighting
 + Level 3.0 Axes
 - Level 3.2 Armour
 - Level 3.2 Shields


You couldn't memorise any spells.
You didn't know any spells.
Your spell library was empty.

Dungeon Overview and Level Annotations

Branches:
Dungeon (2/15)

Altars:

Annotations:
D:2 Sigmund


Innate Abilities, Weirdness & Mutations

You are resistant to damage.
You can heal yourself by infusing magical energy.
You passively map a small area around you.
You do not regenerate.


Message History

You block the worm's attack.
You barely miss the worm.
The worm is lightly wounded.
The worm bites you.
You barely miss the worm.
The worm is lightly wounded.
The worm bites you but does no damage.
You hit the worm.
The worm is moderately wounded.
The worm bites you but does no damage.
You slash the worm!
The worm is severely wounded.
The worm barely misses you.
You slash the worm!
You kill the worm!
No target in view!
No target in view!
No target in view!
No target in view!
f - a scroll labeled SUFREE YNOABIE You see here a worm corpse.
Found a spear.
A goblin comes into view.
You barely miss the goblin. You block the goblin's attack.
You hit the goblin.
The goblin is moderately wounded.
The goblin hits you. You block the goblin's attack.
You hit the goblin.
You kill the goblin!
A hobgoblin comes into view.
The hobgoblin shouts!
A rat comes into view.
You barely miss the hobgoblin.
The hobgoblin hits you but does no damage.
You closely miss the hobgoblin.
The hobgoblin hits you but does no damage. x2
You closely miss the hobgoblin. You block the hobgoblin's attack.
You hit the hobgoblin but do no damage. The hobgoblin closely misses you.
The hobgoblin barely misses you.
You barely miss the hobgoblin. You block the hobgoblin's attack.
You closely miss the hobgoblin.
The hobgoblin hits you but does no damage.
You block the hobgoblin's attack.
You hit the hobgoblin.
The hobgoblin is heavily wounded.
The hobgoblin barely misses you.
You hit the hobgoblin.
You kill the hobgoblin!
You barely miss the rat. The rat bites you.
The rat bites you but does no damage.
You barely miss the rat. The rat barely misses you.
You barely miss the rat. The rat bites you.
You slash the rat!
You kill the rat!
You see here a +0 robe.
Found 2 fizzy white potions.
Found a pair of gloves.
Found a robe.
g - 2 fizzy white potions You see here a pair of gloves.
h - a pair of gloves Really walk into that dispersal trap?
You enter a dispersal trap!
You blink.
Found a scroll labeled PYSOXO ERRAPOSEB.
Found a stone staircase leading up.
You see here a robe.
There is a stone staircase leading up here.
You climb upwards.
The hobgoblin shouts!
The kobold shouts!
The kobold throws a stone.
The stone hits you but does no damage.
There is a stone staircase leading down here.
You see here a stone.
The kobold throws a stone.
The stone hits you but does no damage.
You climb downwards.
There is a stone staircase leading up here.
i - a scroll labeled PYSOXO ERRAPOSEB
Found a leather armour.
A rat comes into view.
The rat bites you but does no damage.
You barely miss the rat. You block the rat's attack. The rat barely misses you.
You barely miss the rat. You block the rat's attack.
You hit the rat.
You kill the rat!
Your Axes skill increases to level 3!
You see here a rat corpse.
A rat and Sigmund come into view.
Sigmund shouts!
You block Sigmund's attack.
You slash Sigmund!
Sigmund is moderately wounded.
A kobold comes into view. It is wielding a +0 dagger.
You block Sigmund's attack.
You slash Sigmund!
Sigmund is heavily wounded.
Sigmund hits you with a +0 scythe!
* * * LOW HITPOINT WARNING * * *
Your shield prevents you from hitting Sigmund.
Sigmund is heavily wounded.
Sigmund hits you with a +0 scythe!
You die...

, , #..........#####
....#...########
**#...##.## #...##.#
#, #...##.# , , ...
#...##.# ,
....#...##.######
#................. *
#.#K@@r........# #####
#..#.........#......
,,#....#.#####.#######
* , , .....##.# # *
...... #.# * ##.#.#.
..# *.####### #.#.##*
.# ........ # #.
,#.####. , * * #.


You could see Sigmund, a kobold and a rat.

Vanquished Creatures
  A worm (D:2)
  A goblin (D:2)
  A hobgoblin (D:2)
  2 rats (D:2)
5 creatures vanquished.

Notes
Turn   | Place    | Note
-------+----------+-------------------------------------------
     0 | D:1      | EnegeticOcto the Deep Dwarf Fighter began the quest for the
                  | Orb.
     0 | D:1      | Reached XP level 1. HP: 20/20 MP: 1/1
   187 | D:2      | Noticed Sigmund
   193 | D:2      | Slain by Sigmund

Illustrated notes

Levels and vault maps discovered:
D:1:      dpeg_arrival_leaves_temple_mockup, layout_basic, minivault_11,
          grunt_decor_cap
D:2:      layout_loops_ring, chequers_serial_rivers_micro_e, uniq_sigmund

Skill      XL: |  1 |
---------------+----+-----
Axes           | 3 |  3.0
Fighting       | |  2.6
Armour         | |  3.2
Shields        | |  3.2

Action                   || total
-------------------------++-------
Melee: War axe           ||    29
Armor: Scale mail        ||     9
Dodge: Dodged            ||     6
Block: Kite shield       ||    11

Table legend: (Time is in decaauts)
 A = Elapsed time spent in this place.
 B = Non-inter-level travel time spent in this place.
 C = Inter-level travel time spent in this place.
 D = Time resting spent in this place.
 E = Time spent auto-exploring this place.
 F = Levels seen in this place.
 G = Mean time per level.
                   A        B        C        D        E       F      G
               +--------+--------+--------+--------+--------+-----+--------+
         Total |    206 |    206 |      0 |      0 |      0 |   2 |  103.0 |
       Dungeon |    206 |    206 |      0 |      0 |      0 |   2 |  103.0 |
               +--------+--------+--------+--------+--------+-----+--------+

Top non-repeatable levels by time:
     D:2: 194 daAuts
     D:1: 12 daAuts
